Map: Efflorescence LE

Players

Random

  • Race: Zerg Zerg
  • League: Platinum
  • Spawn Location: 12:00

Saadli

  • Race: Terran Terran
  • League: Gold
  • Spawn Location: 3:00

OpuS - Winner!

  • Race: Protoss Protoss
  • League: Platinum
  • Spawn Location: 6:00

Sketchaphone - Winner!

  • Race: Zerg Zerg
  • League: Platinum
  • Spawn Location: 9:00

VOD

Have the link to the VOD?

Description

Time

  • Played on: Feb. 9, 2019, 5:07 p.m.
  • Length: 6:51
Show
View Real Time Build Order
Export as new Build Order

Random Zerg 

Build Orders: Hatch First 

Get SALT Encoding   

  12  0:01  Drone  
  13  0:09  Drone  
  14  0:21  Overlord  
  14  0:40  Drone x3  
  17  1:04  Hatchery  
  16  1:08  Spawning Pool  
  16  1:10  Extractor  
  14  1:13  Drone  
  14  1:17  Drone  
  16  1:29  Overlord  
  16  1:33  Drone  
  16  1:35  Drone  
  18  1:46  Drone  
  19  1:54  Queen  
  21  2:02  Spine Crawler  
  21  2:07  Drone  
  21  2:16  Queen  
  21  2:19  Drone  
  24  2:24  Drone x2  
  26  2:30  Drone  
  26  2:31  Drone  
  26  2:35  Roach Warren  
  27  2:40  Drone  
  27  2:41  Drone  
  29  2:51  Drone x2  
  31  3:00  Lair  
  31  3:10  Drone x3  
  34  3:19  Spine Crawler  
  33  3:25  Spine Crawler  
  32  3:27  Spine Crawler  
  32  3:30  Queen  
  33  3:36  Drone x2  
  33  3:37  Drone  
  33  3:39  Overlord  
  36  3:58  Roach  
  36  3:59  Roach x3  
  44  4:21  Overlord x3  
  44  4:23  Extractor  
  43  4:26  Extractor  
  43  4:27  Extractor  
  41  4:43  Drone x5  
  46  4:54  Drone x4  
  46  4:55  Spore Crawler  
  46  4:59  Spine Crawler  
  48  5:00  Overseer  
  46  5:08  Roach x3  
  52  5:15  Roach  
  52  5:20  Roach  
  48  5:27  Roach  
  50  5:28  Roach  
  50  5:29  Roach  
  50  5:30  Roach  
  50  5:37  Overlord  
  50  5:38  Overlord  
  34  5:55  Zergling x12  
  34  5:57  Queen x2  
  34  6:03  Roach Warren  
  36  6:09  Spawning Pool  
Show
View Real Time Build Order
Export as new Build Order

Saadli Terran 

Build Orders: Gas First Reaper Expand, Liberator Opening 

Get SALT Encoding   

  12  0:01  SCV  
  13  0:13  SCV  
  14  0:18  Supply Depot  
  14  0:25  SCV  
  15  0:29  Refinery  
  15  0:40  SCV  
  16  0:46  Barracks  
  16  0:52  SCV  
  17  1:04  SCV  
  18  1:17  SCV  
  19  1:33  Reaper, Orbital Command  
  20  1:48  Command Center  
  20  1:58  SCV  
  21  2:15  SCV  
  22  2:17  Refinery  
  22  2:20  Barracks Reactor  
  22  2:22  Supply Depot  
  22  2:27  SCV  
  22  2:29  Factory  
  23  2:43  SCV  
  24  2:55  SCV  
  24  2:57  Marine x2  
  27  3:03  Engineering Bay  
  27  3:05  Engineering Bay  
  27  3:08  Orbital Command  
  27  3:18  SCV  
  28  3:20  Starport  
  28  3:21  Widow Mine  
  28  3:22  Marine x2  
  33  3:34  SCV  
  33  3:41  Marine  
  33  3:42  Marine  
  33  3:44  Liberator  
  35  3:49  SCV  
  35  3:50  SCV  
  35  3:51  Widow Mine  
  38  3:58  Barracks  
  38  4:01  SCV  
  42  4:08  Barracks  
  42  4:10  Marine  
  42  4:12  Marine  
  42  4:16  SCV x2  
  46  4:23  Factory Tech Lab  
  46  4:25  Terran Infantry Weapons Level 1  
  46  4:26  Terran Infantry Armor Level 1  
  46  4:38  Supply Depot  
  46  4:39  Supply Depot  
  46  4:50  Starport Tech Lab  
  46  4:55  Factory Tech Lab  
  46  4:57  Supply Depot  
  46  4:59  Marine x2  
  46  5:00  SCV x2  
  46  5:06  Armory  
  50  5:14  Marine  
  50  5:16  Siege Tank  
  50  5:17  Marine  
  49  5:31  Marine x2  
  51  5:39  Starport Reactor  
  39  5:59  SCV x2  
  38  6:07  Marine x4  
  38  6:09  Siege Tank  
  45  6:18  SCV  
  45  6:19  SCV  
  45  6:25  Marine x2  
  53  6:30  SCV  
  53  6:31  Supply Depot, SCV  
  53  6:32  Supply Depot  
  55  6:35  Refinery  
Show
View Real Time Build Order
Export as new Build Order

OpuS Protoss - Winner!

Build Orders: Blink Stalkers 

Get SALT Encoding   

  12  0:01  Probe  
  13  0:13  Probe  
  14  0:20  Pylon  
  14  0:25  Probe  
  15  0:39  Gateway  
  15  0:42  Probe  
  15  0:48  Assimilator  
  16  0:50  Probe  
  17  1:00  Probe  
  17  1:01  Gateway  
  18  1:08  Probe  
  19  1:22  Pylon  
  19  1:26  Cybernetics Core  
  19  1:36  Probe  
  20  1:40  Assimilator  
  20  1:47  Zealot  
  22  1:48  Probe  
  23  2:00  Probe  
  24  2:02  Warp Gate  
  24  2:08  Twilight Council  
  24  2:09  Stalker  
  24  2:12  Probe  
  26  2:23  Pylon  
  26  2:28  Probe  
  27  2:39  Forge  
  27  2:45  Blink  
  27  2:54  Protoss Ground Weapons Level 1  
  27  2:55  Stalker  
  29  3:00  Probe  
  30  3:07  Gateway  
  30  3:22  Gateway  
  30  3:32  Gateway  
  30  3:50  Pylon  
  30  3:55  Stalker x2  
  32  4:01  Sentry  
  36  4:06  Pylon  
  36  4:17  Sentry  
  36  4:19  Stalker  
  36  4:23  Stalker  
  42  4:29  Probe  
  43  4:33  Stalker  
  45  5:00  Stalker x3  
  50  5:42  Probe  
  45  5:43  Stalker x3  
  45  5:44  Stalker  
  53  5:50  Probe  
  52  6:00  Probe  
  51  6:12  Probe  
  50  6:19  Stalker x2  
  50  6:24  Probe  
Show
View Real Time Build Order
Export as new Build Order

Sketchaphone Zerg - Winner!

Build Orders: Pool First 

Get SALT Encoding   

  12  0:01  Drone  
  13  0:14  Overlord  
  13  0:18  Drone  
  14  0:36  Spawning Pool  
  14  0:38  Drone  
  14  0:42  Extractor  
  13  0:44  Drone  
  13  0:49  Drone  
  15  0:53  Drone  
  16  0:59  Drone  
  17  1:30  Zergling x2  
  18  1:33  Hatchery, Drone  
  18  1:35  Drone  
  19  1:44  Zergling x2  
  19  1:45  Metabolic Boost  
  20  1:57  Zergling x2  
  21  2:04  Overlord  
  21  2:14  Zergling x2  
  22  2:24  Queen  
  22  2:28  Zergling x2  
  26  2:37  Zergling x2  
  26  2:41  Evolution Chamber  
  25  2:52  Queen  
  25  2:53  Zergling x2  
  25  2:57  Drone  
  29  3:01  Zergling x4  
  31  3:06  Overlord  
  31  3:09  Zergling x2  
  32  3:21  Overlord, Zergling x2  
  32  3:36  Zergling x10  
  32  3:38  Zerg Melee Weapons Level 1  
  32  3:39  Zergling x2  
  38  3:58  Zergling x6  
  38  4:00  Zergling x2  
  42  4:05  Drone  
  43  4:11  Zergling x2  
  43  4:12  Zergling x2  
  45  4:19  Hatchery  
  45  4:20  Overlord  
  45  4:22  Drone  
  45  4:25  Drone  
  45  4:28  Drone  
  47  4:31  Drone  
  47  4:35  Zergling x2  
  49  4:38  Zergling x2  
  49  4:42  Zergling x2  
  49  4:44  Zergling x2  
  52  4:55  Baneling Nest  
  52  4:56  Overlord  
  52  4:57  Drone  
  46  5:15  Zergling x12  
  46  5:16  Zergling x2  
  49  5:30  Zergling x8  
  53  5:39  Zergling x6  
  53  5:42  Drone  
  56  5:48  Zergling x4  
  56  5:52  Baneling  
  56  5:53  Baneling x3  
  53  5:57  Zergling x2  
  50  6:08  Drone x2  
  50  6:10  Drone  
  53  6:19  Drone  
  53  6:21  Drone x4, Extractor  
Tags
 
Add a new tag
Caveats
  • Supply blocks, unpowered buildings, or Contaminate may cause inaccurate times.
  • Supply counts are checked every 10 seconds.